 Dungeon Crawl Stone Soup version 0.30-a0-272-gf98c3da03f (webtiles) character file.

Game seed: 5445840921402610019

84 sleeves the Shooter (level 4, -1/36 HPs)
             Began as a Demigod Hunter on Oct 16, 2022.
             Slain by a white imp (3 damage)
             ... summoned by Natasha
             ... on level 3 of the Dungeon.
             The game lasted 00:02:25 (1334 turns).

sleeves the Shooter (Demigod Hunter)                Turns: 1334, Time: 00:02:26

Health: -1/36      AC:  5    Str: 15    XL:     4   Next: 4%
Magic:  6/6        EV: 12    Int: 11    God:
Gold:   123        SH:  0    Dex: 21    Spells: 3/3 levels left

rFire   + . .      SeeInvis .    k - +2 dagger (drain)
rCold   . . .      Faith    .    (no shield)
rNeg    + . .      Spirit   .    c - +0 leather armour
rPois   .          Reflect  .    o - +0 helmet
rElec   .          Harm     .    t - +0 cloak
rCorr   .          Rampage  .    (no gloves)
Will    .....                    (no boots)
Stlth   ++........               y - amulet of the acrobat
HPRegen 0.26/turn                q - ring of wizardry
MPRegen 0.10/turn                v - ring "Lapet" {Fly rF+ rN+ Str+3}

@: flying, slowed, very slow
A: high MP 1, forlorn, divine attributes
a: no special abilities


You were on level 3 of the Dungeon.
You visited 1 branch of the dungeon, and saw 3 of its levels.

You collected 123 gold pieces.

Inventory:

Hand Weapons
 a - a +0 shortbow
 k - a +2 dagger of draining (weapon)
   (You took it off a kobold on level 1 of the Dungeon)
Missiles
 f - 4 throwing nets
Armour
 c - a +0 leather armour (worn)
 o - a +0 helmet (worn)
   (You found it on level 2 of the Dungeon)
 t - a +0 cloak (worn)
   (You found it on level 3 of the Dungeon)
Jewellery
 q - a ring of wizardry (left hand)
   (You found it on level 2 of the Dungeon)
 v - the ring "Lapet" (right hand) {Fly rF+ rN+ Str+3}
   (You found it on level 3 of the Dungeon)

   [ring of positive energy]

   Str:       It affects your strength (+3).
   rF:        It protects you from fire.
   rN:        It protects you from negative energy.
   Fly:       It grants you flight.
 x - a ring of see invisible
   (You found it on level 3 of the Dungeon)
 y - an amulet of the acrobat (around neck)
   (You found it on level 3 of the Dungeon)
Scrolls
 b - a scroll of immolation
 d - a scroll of torment {unknown}
 e - a scroll of fog {unknown}
 g - a scroll of identify {unknown}
 p - a scroll of magic mapping {unknown}
 r - 2 scrolls of poison {unknown}
 s - a scroll of teleportation {unknown}
 w - a scroll of amnesia {unknown}
Potions
 h - a potion of experience {unknown}
 i - a potion of brilliance {unknown}
 j - 2 potions of flight {unknown}
 l - 2 potions of cancellation {unknown}
 m - 2 potions of degeneration {unknown}
 n - 2 potions of resistance {unknown}
 u - a potion of lignification {unknown}
 z - a potion of heal wounds {unknown}
 A - a potion of curing {unknown}


   Skills:
 - Level 1.7 Fighting
 + Level 2.7 Long Blades
 - Level 4.3 Ranged Weapons
 - Level 1.7 Dodging
 - Level 0.8 Stealth


You had 3 spell levels left.
You didn't know any spells.
Your spell library contained the following spells:

 Spells                   Type           Power      Damage    Failure   Level
 Cigotuvi's Dreadful Rot  Necr/Pois/Air  0%         N/A       26%         2
 Poisonous Vapours        Pois/Air       0%         N/A       26%         2
 Mephitic Cloud           Conj/Pois/Air  0%         N/A       45%         3


Dungeon Overview and Level Annotations

Branches:
Dungeon (3/15)

Annotations:
D:3 Natasha


Innate Abilities, Weirdness & Mutations

You have an increased reservoir of magic. (+10% MP)
You shall have no god before yourself.
Your divine heritage dramatically boosts your attributes as you level up.


Message History

Welcome, sleeves the Demigod Hunter.
Everyone else who sought the Orb of Zot has failed.
Will you be different?
Press ? for a list of commands and other information.
Found a staircase leading out of the dungeon.
You enter the shallow water.
Moving in this stuff is going to be slow.
d - a scroll labelled VOSMO EZAQUAZI A rat comes into view.
A rat is nearby!
You shoot an arrow. The arrow barely misses the rat.
No target in view!
A rat is nearby!
You shoot an arrow. The arrow hits the rat.
You kill the rat!
No target in view!
No target in view!
You see here a rat corpse.
e - a scroll labelled ORPHIA LITOCWOKK You open the door.
A bat comes into view.
There is an open door here.
A bat is nearby!
You shoot an arrow. The arrow hits the bat!
You kill the bat!
No target in view!
You now have 12 gold pieces.
Found a leather armour.
f - 2 throwing nets You open the door.
There is an open door here.
A bat comes into view.
A bat is nearby!
You shoot an arrow. The arrow hits the bat!
You kill the bat!
No target in view!
As you open the door, it creaks loudly!
A ball python comes into view.
The ball python hisses angrily.
You hear a shout!
You hear an angry hiss.
Found a kite shield.
A ball python is nearby!
A ball python is nearby!
You shoot an arrow.
The arrow barely misses the ball python.
You hear an angry hiss.
A rat comes into view.
You shoot an arrow. The arrow hits the ball python.
The ball python is moderately wounded.
The ball python bites you but does no damage.
The ball python grabs you. The ball python constricts you.
The ball python bites you. The ball python constricts you.
You shoot an arrow. The arrow hits the ball python!
You kill the ball python!
You shoot an arrow. The arrow hits the rat.
You kill the rat!
A goblin comes into view. It is wielding a +0 dagger.
You shoot an arrow. The arrow misses the goblin.
A ball python comes into view.
The goblin barely misses you.
There are monsters nearby!
You shoot an arrow. The arrow hits the goblin.
You kill the goblin!
You shoot an arrow.
The arrow barely misses the ball python.
The ball python barely misses you. The ball python grabs you.
The ball python constricts you.
The ball python bites you but does no damage.
The ball python constricts you.
You shoot an arrow.
The arrow barely misses the ball python.
The ball python bites you. The ball python constricts you.
You shoot an arrow. The arrow hits the ball python.
You kill the ball python!
Your Ranged Weapons skill increases to level 4!
No target in view!
HP restored.
There is an open door, spattered with blood here.
Things that are here:
a +0 dagger; a goblin corpse
Found a stone staircase leading down.
You see here a +0 kite shield.
g - a scroll labelled TIGREOFACW You open the door.
There is a stone staircase leading down here.
Found an escape hatch in the floor.
A ball python comes into view.
The ball python hisses angrily.
A ball python is nearby!
A ball python is nearby!
You shoot an arrow.
The arrow barely misses the ball python.
You shoot an arrow. The arrow hits the ball python.
The ball python is moderately wounded.
You shoot an arrow. The arrow hits the ball python.
You kill the ball python!
There is an escape hatch in the floor here.
Found a stone staircase leading down.
h - a cyan potion A rat comes into view.
A rat is nearby!
You shoot an arrow. The arrow hits the rat.
The rat is moderately wounded.
You shoot an arrow. The arrow hits the rat.
You kill the rat!
You pick up a book of Vapours and begin reading...
You add the spells Poisonous Vapours, Cigotuvi's Dreadful Rot and Mephitic Cloud to your library.
You see here a rat corpse.
A giant cockroach comes into view.
Found a black potion.
A giant cockroach is nearby!
A giant cockroach is nearby!
You shoot an arrow. The arrow hits the giant cockroach.
The giant cockroach is almost dead.
You shoot an arrow.
The arrow hits the giant cockroach but does no damage.
The giant cockroach is almost dead.
A giant cockroach is nearby!
A giant cockroach is nearby!
You shoot an arrow.
The arrow closely misses the giant cockroach.
A giant cockroach is nearby!
A giant cockroach is nearby!
You shoot an arrow. The arrow hits the giant cockroach.
You kill the giant cockroach!
There is a shaft here.
A giant cockroach and a kobold come into view.
Found 2 atropa-tipped darts.
There are monsters nearby!
There are monsters nearby!
You shoot an arrow. The arrow hits the giant cockroach!
You kill the giant cockroach!
The kobold shouts!
You have reached level 2!
You shoot an arrow. The arrow hits the kobold.
You kill the kobold!
No target in view!
A kobold comes into view. It is wielding a +0 whip.
A kobold is nearby!
A kobold is nearby!
You shoot an arrow. The arrow hits the kobold.
The kobold is severely wounded.
You shoot an arrow. The arrow barely misses the kobold.
You shoot an arrow. The arrow hits the kobold.
You kill the kobold!
i - a black potion An endoplasm comes into view.
An endoplasm is nearby!
You shoot an arrow. The arrow hits the endoplasm.
The endoplasm is severely wounded.
You shoot an arrow. The arrow hits the endoplasm.
You kill the endoplasm!
j - a grey potion You now have 23 gold pieces (gained 11).
A goblin comes into view. It is wielding a +0 dagger.
Found 13 gold pieces.
The goblin shouts!
A goblin is nearby!
You shoot an arrow. The arrow closely misses the goblin.
A goblin comes into view. It is wielding a +0 club.
You shoot an arrow. The arrow closely misses the goblin.
The arrow hits the goblin!
You kill the goblin!
You shoot an arrow. The arrow hits the goblin!
You kill the goblin!
A ball python comes into view.
A rat comes into view.
There are monsters nearby!
There are monsters nearby!
You shoot an arrow. The ball python hisses angrily.
The arrow hits the ball python!
You kill the ball python!
You shoot an arrow. The arrow closely misses the rat.
You shoot an arrow. The arrow hits the rat!
You kill the rat!
No target in view!
Found a ring mail.
You see here a rat corpse.
You now have 36 gold pieces (gained 13).
You open the door.
There is an open door here.
A kobold comes into view. It is wielding a +2 dagger of draining.
Found a bubbling white potion.
A kobold is nearby!
You shoot an arrow.
The arrow hits the kobold but does no damage.
The kobold shouts!
You shoot an arrow. The arrow hits the kobold.
The kobold is severely wounded.
You shoot an arrow. The arrow closely misses the kobold.
You shoot an arrow. The arrow hits the kobold.
You kill the kobold!
You see here a +2 dagger of draining.
k - a +2 dagger of draining
l - a yellow potion
m - a bubbling white potion
Found 5 stones.
You see here 5 stones.
You open the door.
There is an open door here.
There is an open door here.
As you open the large door, it creaks loudly!
No target in view!
There is a large open door here.
There is a large open door here.
You open the door.
Found a stone staircase leading down.
There is an open door here.
You enter the shallow water.
Moving in this stuff is going to be slow.
You enter the shallow water.
Moving in this stuff is going to be slow.
You open the door.
There is an open door here.
You open the door.
There is an open door here.
You open the door.
There is an open door here.
There is a stone staircase leading down here.
You now have 44 gold pieces (gained 8).
Done exploring.
Done exploring.
Done exploring.
(D) Dungeon
Where to? (? - help)
There is a stone staircase leading down here.
You climb downwards.
Found a yellow potion.
There is a stone staircase leading up here.
l - 2 yellow potions (gained 1)
A goblin comes into view. It is wielding a +0 club.
The goblin shouts!
A goblin is nearby!
A goblin is nearby!
A goblin is nearby!
You shoot an arrow. The arrow hits the goblin!
You kill the goblin!
Found a trident.
An adder comes into view.
An adder is nearby!
You shoot an arrow. The arrow hits the adder!
The adder hisses angrily.
The adder is almost dead.
You shoot an arrow. The arrow misses the adder.
You shoot an arrow. The arrow hits the adder.
You kill the adder!
Your Long Blades skill increases to level 1!
Found an escape hatch in the ceiling.
There is an escape hatch in the ceiling here.
A kobold comes into view. It is wielding a +0 dagger.
A kobold is nearby!
You shoot an arrow. The arrow hits the kobold.
The kobold shouts!
The kobold is heavily wounded.
You shoot an arrow. The arrow barely misses the kobold.
The kobold throws a stone.
The stone hits you but does no damage.
You shoot an arrow. The arrow closely misses the kobold.
The kobold throws a stone.
The stone hits you but does no damage.
You shoot an arrow.
The arrow hits the kobold but does no damage.
The kobold is heavily wounded.
The kobold barely misses you.
A kobold is nearby!
You shoot an arrow. The arrow hits the kobold.
You kill the kobold!
Things that are here:
a +0 dagger; 2 stones
Things that are here:
a +0 dagger; 2 stones
n - 2 smoky clear potions No target in view!
A worm comes into view.
A worm is nearby!
A worm is nearby!
You shoot an arrow.
The arrow hits the worm but does no damage.
You shoot an arrow. The arrow hits the worm.
The worm is moderately wounded.
You shoot an arrow. The arrow hits the worm!
The worm is severely wounded.
No target in view!
No target in view!
You shoot an arrow. The arrow hits the worm.
The worm is almost dead.
You shoot an arrow. The arrow hits the worm!
You kill the worm!
You have reached level 3!
Your experience leads to a dramatic increase in your attributes!
Increase (S)trength, (I)ntelligence, or (D)exterity?
You feel agile. x4
An adder comes into view.
An adder is nearby!
An adder is nearby!
You shoot an arrow. The arrow hits the adder!
The adder is almost dead.
You shoot an arrow. The arrow misses the adder.
You shoot an arrow. The arrow hits the adder!
You kill the adder!
An orc comes into view. It is wielding a +1 whip of draining.
Found 2 throwing nets.
The orc shouts!
An orc is nearby!
An orc is nearby!
You shoot an arrow. The arrow hits the orc.
The orc is almost dead.
You shoot an arrow. The arrow hits the orc!
You kill the orc!
f - 4 throwing nets (gained 2)
Things that are here:
a +1 whip of draining; a +0 scale mail A ball python comes into view.
A ball python is nearby!
You shoot an arrow. The arrow hits the ball python.
You kill the ball python!
No target in view!
No target in view!
A hobgoblin comes into view.
You shoot an arrow. The arrow hits the hobgoblin!
You kill the hobgoblin!
No target in view!
No target in view!
No target in view!
Found a whip.
You see here a +2 hand axe of electrocution.
Found a stone staircase leading down.
There is a stone staircase leading down here.
A ball python comes into view.
The ball python hisses angrily.
A ball python is nearby!
A ball python is nearby!
You shoot an arrow. The arrow hits the ball python!
You kill the ball python!
No target in view!
No target in view!
You now have 54 gold pieces (gained 10).
Found a stone staircase leading up.
m - 2 bubbling white potions (gained 1)
You now have 67 gold pieces (gained 13).
A rat comes into view.
A rat is nearby!
You shoot an arrow. The arrow hits the rat!
You kill the rat!
No target in view!
An endoplasm and a quokka come into view.
You see here a +0 helmet.
You shoot an arrow. The arrow hits the quokka.
You kill the quokka!
You shoot an arrow. The arrow hits the endoplasm!
You kill the endoplasm!
Your Long Blades skill increases to level 2!
No target in view!
o - a +0 helmet
p - a scroll labelled QYFUT TOAR You start putting on your armour.
You continue putting on your +0 helmet. x4
You finish putting on your +0 helmet.
Found a leather armour.
q - a ring of wizardry
q - a ring of wizardry (left hand)
A rat and an adder come into view.
There are monsters nearby!
There are monsters nearby!
You shoot an arrow. The arrow hits the adder!
You kill the adder!
No target in view!
You shoot an arrow. The arrow hits the rat.
You kill the rat!
j - 2 grey potions (gained 1)
You now have 80 gold pieces (gained 13).
Found a stone staircase leading down.
Found a stone staircase leading down.
You now have 88 gold pieces (gained 8).
You see here a +0 scale mail.
An endoplasm comes into view.
An endoplasm is nearby!
You shoot an arrow. The arrow hits the endoplasm!
You kill the endoplasm!
A jackal comes into view.
A jackal is nearby!
You shoot an arrow. The jackal barks!
The arrow hits the jackal!
You kill the jackal!
No target in view!
No target in view!
A jackal comes into view.
A jackal is nearby!
You shoot an arrow. The arrow barely misses the jackal.
The jackal barks!
You shoot an arrow. The arrow hits the jackal.
The jackal is heavily wounded.
A jackal is nearby!
You shoot an arrow. The arrow barely misses the jackal.
You shoot an arrow. The arrow hits the jackal!
You kill the jackal!
No target in view!
r - a scroll labelled RAOPLU LITWA You see here a +0 leather armour.
A hobgoblin comes into view.
A hobgoblin is nearby!
You shoot an arrow. The arrow hits the hobgoblin!
You kill the hobgoblin!
No target in view!
You see here a hobgoblin corpse.
You see here a +0 club.
You see here a +0 club.
Things that are here:
a +0 dagger; 2 stones
Found a dagger.
Found an escape hatch in the floor.
A ball python comes into view.
You shoot an arrow. The arrow hits the ball python.
You kill the ball python!
No target in view!
You see here a +0 dagger.
There is an escape hatch in the floor here.
Found a ring mail.
A rat comes into view.
A rat is nearby!
You shoot an arrow. The arrow hits the rat!
You kill the rat!
No target in view!
No target in view!
You see here a +0 scale mail.
There is a stone staircase leading down here.
There is a stone staircase leading down here.
You see here a +0 scale mail.
A goblin comes into view. It is wielding a +0 club.
You shoot an arrow.
The arrow hits the goblin but does no damage.
The goblin shouts!
You shoot an arrow. The arrow barely misses the goblin.
A goblin is nearby!
A goblin is nearby!
You shoot an arrow. The arrow hits the goblin.
You kill the goblin!
No target in view!
Found a robe.
Found a stone staircase leading up.
There is a stone staircase leading up here.
A kobold and a bat come into view.
Found a scroll labelled VAOLU NUHUBALA.
There are monsters nearby!
You shoot an arrow. The arrow hits the bat.
You kill the bat!
You shoot an arrow. The arrow hits the kobold!
You kill the kobold!
No target in view!
You now have 105 gold pieces (gained 17).
s - a scroll labelled VAOLU NUHUBALA
Things that are here:
a +0 short sword; a kobold corpse Done exploring.
Done exploring.
No target in view!
(D) Dungeon
Where to? (Enter - D:2, ? - help)
You see here a +0 leather armour.
You see here a +0 scale mail.
There is a stone staircase leading down here.
You climb downwards.
Found a ring mail and a scroll labelled RAOPLU LITWA.
There is a stone staircase leading up here.
A rat is nearby!
You shoot an arrow. The arrow hits the rat!
You kill the rat!
A goblin comes into view. It is wielding a +0 club.
A goblin is nearby!
You shoot an arrow. The arrow hits the goblin.
The goblin is almost dead.
You shoot an arrow. The arrow hits the goblin!
You kill the goblin!
r - 2 scrolls labelled RAOPLU LITWA (gained 1)
You now have 113 gold pieces (gained 8).
Things that are here:
a +0 club; a goblin corpse
t - a +0 cloak You start putting on your armour.
You continue putting on your +0 cloak. x4
You finish putting on your +0 cloak.
u - a coppery potion
v - the ring "Lapet" {Fly rF+ rN+ Str+3}
Found 5 poisoned darts.
w - a scroll labelled VOELAQ YBAN
Found a stone staircase leading down.
An adder comes into view.
Found an escape hatch in the ceiling.
You shoot an arrow. The arrow hits the adder!
The adder hisses angrily.
The adder is almost dead.
You shoot an arrow. The arrow hits the adder!
You kill the adder!
You have reached level 4!
x - a ring of see invisible You feel stronger.
You fly up into the air.
v - the ring "Lapet" (right hand) {Fly rF+ rN+ Str+3}
z - a red potion
There is a stone staircase leading down here.
As you open the door, it creaks loudly!
There is an open door here.
Found an escape hatch in the floor.
A kobold comes into view. It is wielding a +0 dagger.
A kobold is nearby!
A kobold is nearby!
You shoot an arrow. The arrow hits the kobold!
You kill the kobold!
A bat comes into view.
A bat is nearby!
You shoot an arrow. The arrow hits the bat!
You kill the bat!
A - a bubbling amethyst potion
There is an escape hatch in the floor here.
You now have 123 gold pieces (gained 10).
y - an amulet of the acrobat
Okay, then.
You start putting on your amulet.
You continue putting on your amulet of the acrobat. x5
You finish putting on your amulet of the acrobat.
You feel ready to tumble and roll out of harm's way.
y - an amulet of the acrobat (around neck) Natasha, Servant of Life and Death comes into view.
Natasha is nearby!
You shoot an arrow. The arrow hits Natasha.
Natasha is moderately wounded.
You shoot an arrow. The arrow closely misses Natasha.
Natasha casts a spell at you. The magic dart hits you.
You shoot an arrow.
The arrow hits Natasha but does no damage.
Natasha is moderately wounded.
You shoot an arrow. The arrow closely misses Natasha.
You sense an unholy aura.
k - a +2 dagger of draining (weapon)
Natasha mumbles some strange words.
You barely miss Natasha.
Natasha is lightly wounded.
Natasha claws you.
You hit Natasha.
Natasha is moderately wounded.
You closely miss Natasha.
Natasha is moderately wounded.
Natasha closely misses you. The white imp barely misses you.
You barely miss Natasha.
Natasha is moderately wounded.
Natasha stares at you and mumbles some strange words.
You feel yourself slow down. The white imp gestures at you.
The puff of frost hits you!
* * * LOW HITPOINT WARNING * * *
You hit Natasha. You punch Natasha.
Natasha is heavily wounded.
Natasha howls an incantation.
Natasha shimmers violently.
Natasha claws you!
* * * LOW HITPOINT WARNING * * *
The white imp hits you.
* * * LOW HITPOINT WARNING * * *
The white imp freezes you.
* * * LOW HITPOINT WARNING * * *
Natasha wildly gestures.
You feel troubled.
Natasha stares at you and mumbles some strange words.
You feel as though you will be slow longer.
The white imp hits you.
* * * LOW HITPOINT WARNING * * *
The white imp freezes you.
You die...

##>........ ###.........
### #.'......... #?.
..#.#..<...... #.#
#.#.########## .. #?#
#.#.#......... ....###.#
#.#.#.........
........###.#...........
#h@...†.......)...
#.5...............
#.....>...########
#.........# +.........#
#.........# #.........#
#.........# #.........#


You could see Natasha and a white imp (summoned).

Vanquished Creatures
  4 adders
  A worm (D:2)
  An orc (D:2)
  7 ball pythons
  4 bats
  3 endoplasms
  2 giant cockroaches (D:1)
  6 goblins
  2 hobgoblins (D:2)
  2 jackals (D:2)
  A quokka (D:2)
  6 kobolds
  8 rats
47 creatures vanquished.

Notes
Turn   | Place    | Note
-------+----------+-------------------------------------------
     0 | D:1      | sleeves the Demigod Hunter began the quest for the Orb.
     0 | D:1      | Reached XP level 1. HP: 17/17 MP: 3/3
    98 | D:1      | Reached skill level 4 in Ranged Weapons
   220 | D:1      | Reached XP level 2. HP: 24/24 MP: 4/4
   525 | D:2      | Reached skill level 1 in Long Blades
   576 | D:2      | Reached XP level 3. HP: 29/29 MP: 5/5
   717 | D:2      | Reached skill level 2 in Long Blades
  1250 | D:3      | Identified the ring "Lapet" {Fly rF+ rN+ Str+3}
  1283 | D:3      | Reached XP level 4. HP: 36/36 MP: 6/6
  1323 | D:3      | Noticed Natasha
  1333 | D:3      | HP: 17/36 [white imp/puff of frost[Natasha] (10)]
  1334 | D:3      | HP: 8/36 [white imp[Natasha] (2)]
  1334 | D:3      | HP: 2/36 [white imp[Natasha] (2)]
  1334 | D:3      | Slain by a white imp

Illustrated notes

Levels and vault maps discovered:
D:1:      psy_arrival_conway, layout_basic
D:2:      layout_loops_ring
D:3:      layout_basic, uniq_natasha

Skill      XL: |  1  2  3 |
---------------+----------+-----
Ranged Weapons | 4 |  4.3
Long Blades    | 1 2 |  2.7
Fighting       | |  1.7
Dodging        | |  1.7
Stealth        | |  0.8

Action                   |  1- 3 |  4- 6 || total
-------------------------+-------+-------++-------
Melee: Dagger            |       |     5 ||     5
       Punch             |       |     1 ||     1
 Fire: Shortbow          |    85 |     6 ||    91
Armor: Leather armour    |     4 |       ||     4
Dodge: Dodged            |     3 |     2 ||     5

Table legend: (Time is in decaauts)
 A = Elapsed time spent in this place.
 B = Non-inter-level travel time spent in this place.
 C = Inter-level travel time spent in this place.
 D = Time resting spent in this place.
 E = Time spent auto-exploring this place.
 F = Levels seen in this place.
 G = Mean time per level.
                   A        B        C        D        E       F      G
               +--------+--------+--------+--------+--------+-----+--------+
         Total |   1365 |   1307 |     58 |      0 |   1072 |   3 |  455.0 |
       Dungeon |   1365 |   1307 |     58 |      0 |   1072 |   3 |  455.0 |
               +--------+--------+--------+--------+--------+-----+--------+

Top non-repeatable levels by time:
     D:2: 714 daAuts
     D:1: 521 daAuts
     D:3: 129 daAuts
